AoeStats
← TheQuietRiot

Enclosed

506511014Analyzed
1v1 RM · 19d ago on Sep 13, 2026· 66m 7s· 2 players
Game mode
Random Map
Map size
Tiny (2 player)
Population
200
Speed
Normal
Resources
Standard
Victory
Conquest
Starting age
Dark Age
Ending age
Imperial Age
RankedLock teamsTeams togetherTeam positionsShared explorationLock speedFull tech treeHidden civsTurbo modeCheats
Victory
Defeat
🇬🇧 Teutons · United Kingdom
952
+16
🇲🇽 Koreans · Mexico
942
-16
rodrigg2003
2:49 Loom
11:11 Feudal Age
12:28 Town Watch
13:53 Double-Bit Axe
21:44 Castle Age
22:01 Scale Mail Armor
23:04 Wheelbarrow
24:41 Horse Collar
25:21 Fletching
28:45 Forging
31:21 Hand Cart
32:11 Stone Mining
32:50 Chain Mail Armor
37:04 Imperial Age
35:05 Bow Saw
35:07 Gold Mining
36:35 Pikeman
37:18 Squires
37:15 Bodkin Arrow
37:56 Iron Casting
37:27 Eupseong
38:21 Gold Shaft Mining
38:13 Conscription
37:58 Town Patrol
37:30 Pikeman
38:43 Heavy Plow
39:20 Bracer
40:39 Chemistry
41:58 Plate Mail Armor
41:57 Fortified Wall
42:09 Ballistics
43:16 Two-Man Saw
42:26 Arrowslits
48:59 Elite Fire Lancer
50:58 Heavy Rocket Cart
52:40 Crossbowman
53:25 Thumb Ring
54:54 Siege Engineers
55:36 Shinkichon
62:08 Halberdier
62:18 Elite Skirmisher
63:52 Masonry
TheQuietRiot
11:47 Feudal Age
10:35 Loom
12:21 Double-Bit Axe
13:56 Horse Collar
18:42 Castle Age
17:10 Gold Mining
18:15 Bloodlines
19:13 Forging
20:40 Scale Barding Armor
22:02 Wheelbarrow
22:15 Bow Saw
22:09 Heavy Plow
26:26 Gold Mining
29:34 Iron Casting
30:07 Hand Cart
29:43 Town Watch
31:09 Ballistics
31:03 Masonry
33:18 Town Patrol
36:53 Imperial Age
34:51 Chain Barding Armor
37:19 Stone Mining
37:14 Onager
38:54 Conscription
39:01 Crenellations
38:39 Cavalier
40:41 Two-Man Saw
40:34 Stone Shaft Mining
41:21 Chemistry
40:30 Siege Engineers
42:44 Blast Furnace
42:21 Plate Barding Armor
42:28 Ironclad
43:35 Fortified Wall
43:14 Arrowslits
44:00 Paladin
50:50 Elite Teutonic Knight
52:08 Hoardings
56:48 Scale Mail Armor
56:49 Padded Archer Armor
56:39 Fletching
63:08 Redemption
Connection lost

Rejoining the realm…

Still unreachable

The connection could not be restored.

Session expired

The server has moved on; the page needs a fresh start.